 Dungeon Crawl Stone Soup version 0.25-a0-294-gea9b1ad (webtiles) character file.

Game seed: 533199270659089578, levelgen mode: deterministic

1981 Birdy the Ogre Mage (level 9, 0/85 HPs)
             Began as an Ogre Conjurer on Dec 18, 2019.
             Was a Follower of Sif Muna.
             Slain by an orc priest
             ... wielding a +2 flail of draining
              (7 damage)
             ... on level 6 of the Dungeon.
             The game lasted 00:17:31 (6331 turns).

Birdy the Ogre Mage (Ogre Conjurer)                 Turns: 6331, Time: 00:17:32

Health: 0/85       AC:  5    Str: 14      XL:     9   Next: 20%
Magic:  0/21       EV:  9    Int: 19      God:    Sif Muna [*.....]
Gold:   302        SH:  0    Dex:  7 (9)  Spells: 18/25 levels left

rFire    . . .     SeeInvis +   p - +0 quarterstaff
rCold    . . .     Gourm    .   (shield currently unavailable)
rNeg     . . .     Faith    .   a - +0 robe
rPois    .         Spirit   +   (helmet restricted)
rElec    .         Reflect  .   h - scarf {Spirit}
rCorr    +         Harm     .   (gloves unavailable)
MR       .....                  (boots unavailable)
Stlth    +.........             (no amulet)
HPRegen  0.24/turn              m - ring of resist corrosion
MPRegen  0.17/turn              e - ring of see invisible

@: lightly drained
A: large, unfitting armour, hooves 1, iridescent scales 1, deterioration 1,
tough skin 1
a: Channel Magic, Renounce Religion


You were on level 6 of the Dungeon.
You worshipped Sif Muna.
Sif Muna was aware of your devotion.
You were hungry.

You visited 2 branches of the dungeon, and saw 7 of its levels.

You collected 302 gold pieces.

Inventory:

Hand Weapons
 i - a +0 giant spiked club
 p - a +0 quarterstaff (weapon)
Armour
 a - a +0 robe (worn)
 h - a scarf of spirit shield (worn)
Jewellery
 e - a ring of see invisible (right hand)
 f - a +4 ring of dexterity {unknown}
 m - a ring of resist corrosion (left hand)
Scrolls
 b - 2 scrolls of teleportation
 g - 2 scrolls of identify
 k - 2 scrolls of amnesia
 l - 3 scrolls of remove curse
 o - a scroll of fog
Potions
 d - a potion of haste
 j - 2 potions of magic
 n - 4 potions of cancellation
 q - 2 potions of might {unknown}
Comestibles
 c - 6 rations


   Skills:
 - Level 4.7(4.2) Fighting
 - Level 1.7(1.2) Dodging
 - Level 1.4(0.8) Stealth
 * Level 8.9(8.3) Spellcasting
 * Level 8.1(7.5) Conjurations


You had 18 spell levels left.
You knew the following spells:

 Your Spells              Type           Power        Failure   Level  Hunger
a - Magic Dart            Conj           ####         1%          1    None
b - Searing Ray           Conj           #####.       1%          2    None
c - Iskenderun's Mystic   Conj/Tloc      ###.....     19%         4    ###....

Your spell library contained the following spells:

 Spells                   Type           Power        Failure   Level  Hunger
 Dazzling Flash           Conj/Hex       ###...       5%          3    None
 Summon Small Mammal      Summ           #...         9%          1    None
 Call Imp                 Summ           #.......     13%         2    None
 Fulminant Prism          Conj/Hex       ###.......   19%         4    ###....
 Call Canine Familiar     Summ           #.......     26%         3    None
 Summon Guardian Golem    Hex/Summ       #.......     26%         3    None
 Summon Ice Beast         Ice/Summ       #.......     65%         4    ###....
 Summon Lightning Spire   Summ/Air       #.......     65%         4    ###....


Dungeon Overview and Level Annotations

Branches:
Dungeon (6/15)             Temple (1/1) D:4

Altars:
Ashenzari
Dithmenos
Gozag
Hepliaklqana
Kikubaaqudgha
Nemelex Xobeh
Sif Muna
Uskayaw
Vehumet
Wu Jian
Yredelemnul

Shops:
D:5 (   D:6 ?


Innate Abilities, Weirdness & Mutations

You are too large for most types of armour.
You have tough skin. (AC +1)
You have large cloven feet.
You are partially covered in iridescent scales. (AC +2)
Your body sometimes deteriorates upon taking damage.


Message History

Sif Muna accepts your kill. (Press . to maintain the ray.)
The searing ray hits the orc priest but does no damage.
The orc priest miscasts a cantrip.
The orc priest hits you with a +2 flail of draining!
* * * LOW HITPOINT WARNING * * *
You feel drained.
* * * LOW HITPOINT WARNING * * *
You closely miss the orc priest. Your kick misses the orc priest.
The orc priest hits you but does no damage.
You feel drained.
You hit the orc priest but do no damage.
The orc priest hits you but does no damage.
The orc priest casts a cantrip, but nothing happens.
You barely miss the orc priest.
The orc priest invokes the aid of Beogh against you.
Beogh smites you!
* * * LOW HITPOINT WARNING * * *
The orc priest hits you with a +2 flail of draining!
You die...

#######..#### ##)#.....
#########.# #.†.....
#......##.# ##.#.....
#..[..(##.## #...#...#
#......#...# ###.#....##
#......#.#.## ##...#.....#
#......#....####..###.##..#
#......#.∩.##....###..##...
#.........@.#.######.###.#.
#......###oo).#####..###.##
#....<.###..[......>.....#
#......##..##.##...####..##
#####.###)###....### #....
######.###.# #..### #.##.
#.........).###..########.##.
#...........))[)>............
######...###.)##.########.###


You could see 2 orc priests.

Vanquished Creatures
  Sigmund (D:3)
  Menkaure (D:5)
  Duvessa (D:5)
  2 orc warriors (D:6)
  2 necrophages (D:5)
  2 phantoms
  2 ogres
  A wyvern zombie (D:6)
  Dowan (D:5)
  2 scorpions (D:5)
  4 wights (D:6)
  A howler monkey (D:5)
  2 centaur skeletons (D:4)
  2 orc priests
  A bullfrog skeleton (D:5)
  4 orc wizards
  A worker ant zombie (D:6)
  6 adders
  A river rat (D:4)
  A shadow imp (D:4)
  An ooze (D:3)
  An adder skeleton (D:4)
  2 worms
  A dart slug (D:1)
  4 leopard geckos
  30 orcs
  4 ball pythons
  7 bats
  3 giant cockroaches
  7 goblins
  3 hobgoblins (D:1)
  2 jackals (D:1)
  10 kobolds
  4 quokkas
  5 frilled lizards
  A jackal skeleton (D:4)
  A leopard gecko skeleton (D:5)
  A quokka skeleton (D:2)
  10 rats
135 creatures vanquished.

Notes
Turn   | Place    | Note
-------+----------+-------------------------------------------
     0 | D:1      | Birdy the Ogre Conjurer began the quest for the Orb.
     0 | D:1      | Reached XP level 1. HP: 16/16 MP: 3/3
    64 | D:1      | You fall into a shaft and drop 1 floor!
   154 | D:1      | Reached skill level 1 in Fighting
   154 | D:1      | Reached XP level 2. HP: 20/27 MP: 2/5
   190 | D:1      | Learned a level 2 spell: Searing Ray
   752 | D:1      | Reached XP level 3. HP: 35/35 MP: 4/7
  1463 | D:2      | Found a faded altar of an unknown god.
  1710 | D:3      | Reached XP level 4. HP: 42/42 MP: 3/9
  2005 | D:3      | Found a hide-covered altar of Uskayaw.
  2006 | D:3      | Noticed a +0 dagger
  2006 | D:3      | Noticed a +0 dagger
  2204 | D:3      | Noticed Sigmund
  2220 | D:3      | Killed Sigmund
  2220 | D:3      | Reached skill level 5 in Conjurations
  2220 | D:3      | Reached XP level 5. HP: 45/53 MP: 1/12
  2220 | D:3      | Reached XP level 6. HP: 52/61 MP: 1/13
  2629 | D:3      | Noticed a phantom
  2646 | D:3      | Killed a phantom
  2646 | D:3      | Reached skill level 5 in Spellcasting
  3125 | D:3      | Learned a level 4 spell: Iskenderun's Mystic Blast
  3257 | D:4      | Reached XP level 7. HP: 70/70 MP: 7/15
  3923 | D:4      | Gained mutation: You have large cloven feet. [potion of
                  | mutation]
  3923 | D:4      | Gained mutation: Your body sometimes deteriorates upon
                  | taking damage. [potion of mutation]
  3923 | D:4      | Gained mutation: You are partially covered in iridescent
                  | scales. (AC +2) [potion of mutation]
  4154 | D:4      | Found a staircase to the Ecumenical Temple.
  4162 | Temple   | Entered the Ecumenical Temple
  4171 | Temple   | Became a worshipper of Sif Muna the Loreminder
  4470 | D:5      | Entered Level 5 of the Dungeon
  4591 | D:5      | Reached XP level 8. HP: 76/78 MP: 12/17
  4685 | D:5      | Noticed Menkaure
  4689 | D:5      | Killed Menkaure
  4763 | D:5      | Found an ornate altar of the Wu Jian Council.
  4921 | D:5      | Found Esoerio's Weapon Boutique.
  4964 | D:5      | Found a shattered altar of Ashenzari.
  4965 | D:5      | Found a basalt altar of Yredelemnul.
  5109 | D:5      | Noticed Duvessa
  5110 | D:5      | Noticed Dowan
  5120 | D:5      | Killed Dowan
  5153 | D:5      | Killed Duvessa
  5739 | D:6      | Found Nuom's Magic Scroll Shoppe.
  5870 | D:6      | Found a shadowy altar of Dithmenos.
  6058 | D:6      | Reached * piety under Sif Muna
  6112 | D:6      | Reached XP level 9. HP: 81/85 MP: 16/21
  6331 | D:6      | Slain by an orc priest

Levels and vault maps discovered:
D:1:      dpeg_arrival_short_road, layout_basic
D:2:      layout_loops_ring, chequers_ecumenical_altar_island,
          serial_bayou_pond_d
D:3:      layout_basic, dancing_weapons_uskayaw, uniq_sigmund
D:4:      minmay_recursive_quarters, layout_basic, minmay_temple_entry_ruins,
          gup_sewer_entry_bowl
D:5:      layout_gridville, nicolae_overflow_crystal_walls,
          gammafunk_temple_overflow_pools, first_ration, serial_shops, shop,
          uniq_menkaure, uniq_duvessa
D:6:      layout_rooms, overflow_temple_1_default, serial_shops,
          nicolae_shop_stone
Temple:   dshaligram_water_room_temple

Skill      XL: |  1  2  3  4  5  6  7  8  9 |
---------------+----------------------------+-----
Fighting       | 1 2 3 4 |  4.7
Spellcasting   | 3 4 5 6 8 |  8.9
Conjurations   | 4 5 6 7 8 |  8.1
Dodging        | |  1.7
Stealth        | |  1.4

Action                   |  1- 3 |  4- 6 |  7- 9 || total
-------------------------+-------+-------+-------++-------
Melee: Unarmed           |    34 |       |       ||    34
       Short sword       |    30 |    47 |     7 ||    84
       Giant spiked club |       |       |     5 ||     5
       Quarterstaff      |       |       |    30 ||    30
       Kick              |       |       |     6 ||     6
 Cast: Magic Dart        |    19 |     8 |    21 ||    48
       Searing Ray       |    17 |    25 |    44 ||    86
       Iskenderun's Myst |       |       |     3 ||     3
  Use: Scroll            |     5 |     3 |     6 ||    14
       Potion            |     4 |     2 |     6 ||    12
 Stab: Sleeping          |     2 |       |       ||     2
  Eat: Chunk             |     3 |     5 |     3 ||    11
       Ration            |       |       |     2 ||     2
Armor: Robe              |    30 |    21 |    20 ||    71
Dodge: Dodged            |    54 |    40 |    57 ||   151

Table legend:
 A = Non-vault XP
 B = Vault XP
 C = Vault XP percentage of total XP
 D = Non-vault monster count
 E = Vault monster count
 F = Vault count percentage of total count
                 A         B        C        D         E       F
            +---------+---------+-------+---------+---------+-------
      Total |    2122 |     709 |  25.0 |     125 |      10 |   7.4
            +---------+---------+-------+---------+---------+-------
        D:1 |      41 |       0 |   0.0 |      23 |       0 |   0.0
        D:2 |      22 |       0 |   0.0 |      12 |       0 |   0.0
        D:3 |     307 |     220 |  41.7 |      37 |       1 |   2.6
        D:4 |     401 |      83 |  17.1 |      14 |       6 |  30.0
        D:5 |     471 |     406 |  46.3 |       9 |       3 |  25.0
        D:6 |     880 |       0 |   0.0 |      30 |       0 |   0.0
            +---------+---------+-------+---------+---------+-------
